[Event "November 21 Early 2023"]
[Site "https://www.chess.com"]
[Date "2023.11.21"]
[Round "8"]
[White "Kassimov, Baurzhan"]
[Black "Degenbaev, Aziz"]
[Result "1/2-1/2"]
[Board "76"]
[TimeControl "180+1"]
[WhiteFideId "13704800"]
[BlackFideId "13802640"]
[WhiteElo "2220"]
[BlackElo "2083"]
[WhiteTeam "KAZ"]
[BlackTeam "KGZ"]
[WhiteClock "0:00:05"]
[BlackClock "0:00:04"]

1. c4 e5 2. Nc3 Nf6 3. Nf3 Nc6 4. e3 d6 5. Be2 g6 6. d4 Bg7 7. dxe5 Nxe5 8. Nxe5 dxe5 9. Qxd8+ Kxd8 10. b3 c6 11. Bb2 Kc7 12. Rc1 Re8 13. Bf3 Bf5 14. h3 h5 15. e4 Bd7 16. Ke2 Rad8 17. Rhd1 Bc8 18. Ke1 Bh6 19. Rxd8 Bxc1 20. Rxe8 Bxb2 21. Re7+ Kd6 22. Nd1 Kxe7 23. Nxb2 Nd7 24. Nd3 f6 25. c5 Nf8 26. b4 Ne6 27. Kd2 Nd4 28. Bd1 h4 29. a4 Be6 30. Kc3 g5 31. Bg4 Bb3 32. Nb2 Kd8 33. g3 Kc7 34. gxh4 gxh4 35. f4 Bc2 36. fxe5 fxe5 37. Nc4 Bxe4 38. Nxe5 Nf5 39. Ng6 b6 40. Bxf5 Bxf5 41. Nxh4 Bxh3 42. a5 bxa5 43. bxa5 Be6 44. Nf3 Bd5 45. Ne5 Kd8 46. Kb4 Ke7 47. Kc3 Ke6 48. Kd4 Ke7 49. Nd3 Kd7 50. Nb4 Bh1 51. Ke5 Ke7 52. Nc2 Bg2 53. Nd4 Bh1 54. Nf5+ Kd7 55. Kf6 Bd5 56. Nd4 Bh1 57. Nc2 Bd5 58. Nb4 Bh1 59. Ke5 Bg2 60. Kd4 Bh1 61. Nd3 Ke6 62. Ne5 Bg2 63. Nc4 Kd7 64. Ne3 Bh1 65. Ng4 Bg2 66. Ne5+ Ke6 67. Nc4 Bh1 68. Nd6 Kd7 69. Nf5 Bg2 70. Ne3 Bh1 71. Nc4 1/2-1/2

[Event "November 21 Early 2023"]
[Site "https://www.chess.com"]
[Date "2023.11.21"]
[Round "8"]
[White "Grochal, Joey"]
[Black "Weishaeutel, Moritz"]
[Result "0-1"]
[Board "77"]
[TimeControl "180+1"]
[WhiteFideId "1019945"]
[BlackFideId "12967300"]
[WhiteElo "2231"]
[BlackElo "2321"]
[WhiteTeam "NED"]
[BlackTeam "GER"]
[WhiteClock "0:01:28"]
[BlackClock "0:01:31"]

1. e4 e5 2. Nf3 Nf6 3. Nxe5 Nc6 4. Nxc6 dxc6 5. d3 Bc5 6. Be2 h5 7. Be3 Bxe3 8. fxe3 Ng4 9. Bxg4 hxg4 10. Qe2 Qd6 11. g3 Be6 12. Nc3 Qxg3+ 13. Qf2 Qd6 14. O-O-O O-O-O 15. Qf4 Rh3 16. e5 Qe7 17. Rd2 Rdh8 18. Rg1 Qh4 19. Rgg2 Qe1+ 20. Nd1 Rf3 21. Rde2 Qh1 22. Qa4 Rf1 23. Rd2 Rxd1+ 24. Rxd1 Qxg2 25. Qxa7 Rxh2 26. Qa8+ Kd7 27. Qa4 0-1

[Event "November 21 Early 2023"]
[Site "https://www.chess.com"]
[Date "2023.11.21"]
[Round "8"]
[White "Ambartsumova, Karina"]
[Black "Panda Sambit"]
[Result "0-1"]
[Board "78"]
[TimeControl "180+1"]
[WhiteFideId "4166299"]
[BlackFideId "25091794"]
[WhiteElo "2240"]
[BlackElo "2216"]
[WhiteTeam "RUS"]
[BlackTeam "IND"]
[WhiteClock "0:00:07"]
[BlackClock "0:01:26"]

1. d4 d5 2. c4 e6 3. Nc3 a6 4. cxd5 exd5 5. Bf4 Nf6 6. e3 c5 7. Nf3 c4 8. Be2 b5 9. a3 Bb7 10. O-O Bd6 11. Ne5 Nc6 12. Bf3 Ne7 13. Qc2 O-O 14. Rad1 Re8 15. Rfe1 Ng6 16. Nxg6 hxg6 17. Bg5 Qc7 18. Bxf6 gxf6 19. Nxd5 Bxh2+ 20. Kh1 Qd6 21. Nc3 Bxf3 22. gxf3 f5 23. Kg2 Kg7 24. Rh1 Rh8 25. f4 Bxf4 26. exf4 Qxf4 27. Qe2 Qg5+ 28. Kf3 Qg4+ 29. Ke3 Rae8+ 30. Kd2 Rxe2+ 31. Nxe2 Rxh1 32. Rxh1 Qf3 33. Rd1 Qxf2 34. d5 Qc5 35. Kc2 Qd6 36. Nc3 g5 37. Rg1 g4 38. Rf1 g3 39. Rxf5 Qg6 0-1

[Event "November 21 Early 2023"]
[Site "https://www.chess.com"]
[Date "2023.11.21"]
[Round "8"]
[White "Swicarz, Maciej"]
[Black "Souleidis, Georgios"]
[Result "0-1"]
[Board "79"]
[TimeControl "180+1"]
[WhiteFideId "1113585"]
[BlackFideId "4206827"]
[WhiteElo "2127"]
[BlackElo "2401"]
[WhiteTeam "POL"]
[BlackTeam "GRE"]
[WhiteClock "0:00:00"]
[BlackClock "0:00:04"]

1. c4 e5 2. d3 Nc6 3. Nc3 a6 4. g3 Bc5 5. Bg2 d6 6. a3 Ba7 7. e3 h5 8. h4 Nf6 9. Nge2 Bg4 10. b4 Rb8 11. Qa4 O-O 12. b5 Ne7 13. Rb1 d5 14. bxa6 bxa6 15. Rxb8 Qxb8 16. cxd5 Rd8 17. e4 Rd6 18. O-O c6 19. dxc6 Nxc6 20. Bg5 Nd4 21. Nxd4 Bxd4 22. Nd5 Nxd5 23. exd5 Be2 24. Re1 Bxd3 25. Be7 Rb6 26. d6 Bb5 27. Qc2 Rxd6 28. Bxd6 Qxd6 29. Be4 g6 30. Kg2 Kg7 31. Rd1 Qxa3 32. Bd3 Qd6 33. Bxb5 axb5 34. Qb3 Qc6+ 35. Qf3 Qc2 36. Qd3 Qc6+ 37. Kf1 b4 38. Rb1 Qh1+ 39. Ke2 Qb7 40. Qc4 Qe4+ 41. Kd2 Qxb1 0-1

[Event "November 21 Early 2023"]
[Site "https://www.chess.com"]
[Date "2023.11.21"]
[Round "8"]
[White "Mazurkiewicz, Michal"]
[Black "Belov, Alexei"]
[Result "1-0"]
[Board "80"]
[TimeControl "180+1"]
[WhiteFideId "1124943"]
[BlackFideId "4128206"]
[WhiteElo "2124"]
[BlackElo "2625"]
[WhiteTeam "POL"]
[BlackTeam "RUS"]
[WhiteClock "0:00:06"]
[BlackClock "0:00:14"]

1. e4 e6 2. d3 d5 3. Nd2 Nf6 4. Ngf3 Nc6 5. c3 e5 6. g3 a5 7. exd5 Qxd5 8. Qb3 Bf5 9. Ne4 Bxe4 10. dxe4 Qxe4+ 11. Be2 O-O-O 12. Qc4 Qxc4 13. Bxc4 Nd5 14. Ng5 Rd7 15. Nxf7 Rxf7 16. Bxd5 Rf6 17. Bg5 Rd6 18. O-O-O Be7 19. Be3 Rhd8 20. Be4 h6 21. Rxd6 cxd6 22. Bb6 Rf8 23. Rd1 Nb8 24. f3 a4 25. a3 Nd7 26. Be3 Nc5 27. Bxc5 dxc5 28. g4 Rd8 29. Rxd8+ Bxd8 30. Bc2 b5 31. c4 bxc4 32. Bxa4 Ba5 33. Kc2 Kc7 34. Bb5 Kd6 35. Bxc4 g5 36. Kd3 Be1 37. Ke4 Bd2 38. a4 Bc1 39. a5 Bxb2 40. a6 Kc7 41. Kf5 Kb6 42. Kg6 Bc1 43. Kxh6 Bf4 44. h3 Ka7 45. Kh5 Kb6 46. h4 gxh4 47. Kxh4 Bh6 48. g5 Bf8 49. Kg4 Bd6 50. Kf5 Bb8 51. g6 1-0

[Event "November 21 Early 2023"]
[Site "https://www.chess.com"]
[Date "2023.11.21"]
[Round "8"]
[White "Aaditya Dhingra"]
[Black "Kovalevsky, Stanislav"]
[Result "1-0"]
[Board "81"]
[TimeControl "180+1"]
[WhiteFideId "25678191"]
[BlackFideId "13508598"]
[WhiteElo "2269"]
[BlackElo "2092"]
[WhiteTeam "IND"]
[BlackTeam "FID"]
[WhiteClock "0:00:21"]
[BlackClock "0:00:13"]

1. g3 d5 2. Bg2 Nf6 3. f4 h5 4. Nf3 h4 5. Nxh4 Rxh4 6. gxh4 Ne4 7. d3 Nd6 8. O-O e6 9. h5 Qh4 10. e4 dxe4 11. dxe4 Nd7 12. Bd2 e5 13. Be1 Qf6 14. f5 Nc4 15. Bf2 Bc5 16. Qe2 Nxb2 17. Nc3 Bxf2+ 18. Rxf2 Nb6 19. Nd5 Qc6 20. f6 gxf6 21. Nxf6+ Kf8 22. Nh7+ Kg7 23. Ng5 Be6 24. Nxe6+ Qxe6 25. Raf1 Rf8 26. Qe3 N2c4 27. Qg5+ Kh8 28. Rf6 Nd7 29. Rxe6 fxe6 30. Qh6+ Kg8 31. Qxe6+ 1-0

[Event "November 21 Early 2023"]
[Site "https://www.chess.com"]
[Date "2023.11.21"]
[Round "8"]
[White "LangesNasenhaar"]
[Black "Gontcharov, Vladislav"]
[Result "0-1"]
[Board "82"]
[TimeControl "180+1"]
[BlackFideId "4123492"]
[WhiteElo "2448"]
[BlackElo "2420"]
[BlackTeam "RUS"]
[WhiteClock "0:00:00"]
[BlackClock "0:00:19"]

1. d4 Nf6 2. Nc3 d5 3. Bf4 c6 4. e3 Bf5 5. Nf3 e6 6. Ne5 Bb4 7. g4 Bg6 8. h4 Ne4 9. h5 Nxc3 10. Qd2 Be4 11. f3 Qa5 12. a3 f6 13. fxe4 fxe5 14. Bxe5 O-O 15. h6 g6 16. Bg7 Nd7 17. Rc1 Nxe4 18. Qxb4 Qxb4+ 19. axb4 Rf7 20. Bd3 Nf2 21. Rf1 Nxg4 22. Ke2 Ngf6 23. Rf3 Nh5 24. Rcf1 Rxf3 25. Rxf3 Nxg7 26. hxg7 Kxg7 27. c4 Rf8 28. Rh3 Nf6 29. b5 h5 30. b4 g5 31. bxc6 bxc6 32. b5 cxb5 33. cxb5 g4 34. Rh1 Kh6 35. Ra1 Rf7 36. Ra6 Re7 37. Rd6 Kg5 38. Rd8 h4 39. Kf2 g3+ 40. Kg2 Rg7 41. Kh3 Ng4 42. Rf8 Nxe3 43. Be2 Nf5 44. Re8 Nxd4 45. Bd3 Kf4 46. Rf8+ Ke3 47. Rf1 g2 0-1

[Event "November 21 Early 2023"]
[Site "https://www.chess.com"]
[Date "2023.11.21"]
[Round "8"]
[White "Vestby-Ellingsen, Mads"]
[Black "Miszler, Levente"]
[Result "1-0"]
[Board "83"]
[TimeControl "180+1"]
[WhiteFideId "1520857"]
[BlackFideId "763276"]
[WhiteElo "2241"]
[BlackElo "2186"]
[WhiteTeam "NOR"]
[BlackTeam "HUN"]
[WhiteClock "0:01:41"]
[BlackClock "0:01:53"]

1. e4 e6 2. d4 d5 3. Nc3 Nf6 4. Bd3 c5 5. exd5 cxd4 6. Bb5+ Bd7 7. Bxd7+ Qxd7 8. Qxd4 exd5 9. Nf3 Nc6 10. Qd1 Bb4 11. O-O Bxc3 12. bxc3 O-O 13. Bg5 Ne4 14. c4 Nxg5 15. Nxg5 Qf5 16. Qxd5 Qxd5 17. cxd5 Nb4 18. c4 Rac8 19. Rfc1 b5 20. cxb5 Nxd5 21. Ne4 Rfd8 22. a4 f5 23. Nc5 Nf4 24. Kf1 Rd5 25. Na6 Rcd8 26. g3 Nd3 27. Rc7 Rd4 28. Rxa7 Nb2 29. b6 Rd2 30. b7 Nd3 31. Ra8 1-0

[Event "November 21 Early 2023"]
[Site "https://www.chess.com"]
[Date "2023.11.21"]
[Round "8"]
[White "Predator0608"]
[Black "Herman, Daniel"]
[Result "1-0"]
[Board "84"]
[TimeControl "180+1"]
[BlackFideId "30935008"]
[WhiteElo "2592"]
[BlackElo "1897"]
[BlackTeam "USA"]
[WhiteClock "0:00:25"]
[BlackClock "0:00:06"]

1. e4 Nf6 2. e5 Nd5 3. d4 Nb6 4. Nf3 d5 5. Bd3 Bg4 6. c3 e6 7. h3 Bh5 8. Bf4 c5 9. Nbd2 Nc6 10. g4 Bg6 11. Qe2 c4 12. Bxg6 hxg6 13. b3 Na5 14. Kf1 Rc8 15. Kg2 Be7 16. Bg3 Qd7 17. b4 Nc6 18. h4 Na4 19. Qe3 Nxc3 20. Qxc3 Bxb4 21. Qe3 Ba5 22. h5 gxh5 23. Rxh5 Rxh5 24. gxh5 Qe7 25. h6 gxh6 26. Qxh6 Kd7 27. Rb1 Kc7 28. Nxc4 dxc4 29. d5 Qf8 30. Qf4 exd5 31. e6+ Kd8 32. Rxb7 Bc7 33. Rxc7 1-0

[Event "November 21 Early 2023"]
[Site "https://www.chess.com"]
[Date "2023.11.21"]
[Round "8"]
[White "Manukyan, Sargis A."]
[Black "Ishbaev, Alibek"]
[Result "0-1"]
[Board "85"]
[TimeControl "180+1"]
[WhiteFideId "13303970"]
[BlackFideId "14205017"]
[WhiteElo "2204"]
[BlackElo "2419"]
[WhiteTeam "ARM"]
[BlackTeam "UZB"]
[WhiteClock "0:00:58"]
[BlackClock "0:00:30"]

1. d4 c5 2. c4 cxd4 3. Qxd4 Nc6 4. Qd1 g6 5. b3 Bg7 6. Nd2 Bxa1 7. h4 h5 8. e4 Qa5 9. g4 Nf6 10. gxh5 Nxh5 11. a3 Bc3 12. b4 Qe5 13. Nf3 Qxe4+ 14. Be2 Nf4 15. Kf1 Bxd2 16. Qxd2 Qxe2+ 17. Qxe2 Nxe2 18. Kxe2 d6 19. Bb2 Rh5 20. Ng5 Ne5 21. c5 Nc4 22. Bc3 dxc5 23. bxc5 Bf5 24. f4 f6 25. Nf3 Bg4 26. Kf2 Bxf3 27. Kxf3 Rxc5 28. Bb4 Rc6 29. f5 gxf5 30. Kf4 e6 31. h5 Kf7 32. h6 Rh8 33. h7 Ne5 34. a4 Rc4+ 35. Kg3 Rxb4 36. a5 Rb3+ 37. Kf2 Ng4+ 38. Kg2 Kg6 39. a6 bxa6 40. Rc1 Rxh7 41. Kg1 Rh2 42. Rd1 Rg2+ 43. Kh1 Rh3+ 44. Kxg2 Ne3+ 45. Kxh3 Nxd1 46. Kg3 a5 47. Kf4 a4 48. Kf3 a3 49. Kf4 a2 50. Kf3 a1=Q 51. Kf4 Qc1+ 52. Kf3 Qc3+ 53. Kf4 e5# 0-1

[Event "November 21 Early 2023"]
[Site "https://www.chess.com"]
[Date "2023.11.21"]
[Round "8"]
[White "Palacio,Igor Da Paz"]
[Black "ChainedDowntohell"]
[Result "0-1"]
[Board "86"]
[TimeControl "180+1"]
[WhiteFideId "2121140"]
[WhiteElo "2126"]
[BlackElo "2587"]
[WhiteTeam "BRA"]
[WhiteClock "0:00:00"]
[BlackClock "0:00:22"]

1. e4 c5 2. Nc3 Nc6 3. g3 g6 4. d3 Bg7 5. Bg2 d6 6. f4 Rb8 7. Nf3 b5 8. a3 a5 9. O-O b4 10. axb4 axb4 11. Ne2 e6 12. Rb1 Nge7 13. Be3 O-O 14. h3 Ba6 15. e5 Nf5 16. Bf2 dxe5 17. Bxc5 exf4 18. gxf4 Re8 19. Qd2 b3 20. c4 Qc7 21. Bf2 Red8 22. Rbc1 Nb4 23. Ne1 Na2 24. Rd1 Bxc4 25. Ng3 Nh4 26. Be4 Bd5 27. Qe2 Bxe4 28. dxe4 Rxd1 29. Qxd1 Bxb2 30. Nd3 Bf6 31. Nc5 Nc3 32. Qd3 b2 33. Na6 Qd8 34. Qxd8+ Rxd8 35. e5 Rd1 36. Bd4 Rxf1+ 0-1

[Event "November 21 Early 2023"]
[Site "https://www.chess.com"]
[Date "2023.11.21"]
[Round "8"]
[White "Thorfinnsson, Bjorn"]
[Black "secrethawk1"]
[Result "0-1"]
[Board "87"]
[TimeControl "180+1"]
[WhiteFideId "2300982"]
[WhiteElo "2381"]
[BlackElo "2405"]
[WhiteTeam "ISL"]
[WhiteClock "0:00:22"]
[BlackClock "0:01:05"]

1. d4 Nf6 2. Nf3 e6 3. Bg5 c5 4. c3 Nc6 5. e3 d5 6. Nbd2 Be7 7. Bd3 O-O 8. Qc2 h6 9. h4 c4 10. Be2 b5 11. Bxf6 Bxf6 12. g4 g6 13. g5 Bg7 14. gxh6 Bxh6 15. O-O-O b4 16. Rdg1 bxc3 17. bxc3 Rb8 18. h5 g5 19. Nxg5 Bxg5 20. f4 Kh8 21. Rxg5 Qa5 22. Nb1 Bd7 23. Rg6 fxg6 24. Qxg6 Rxb1+ 25. Kxb1 Rb8+ 26. Kc2 Qxa2+ 27. Kc1 Qa1+ 28. Kd2 Rb2+ 0-1

[Event "November 21 Early 2023"]
[Site "https://www.chess.com"]
[Date "2023.11.21"]
[Round "8"]
[White "Santos Flores, Alberto"]
[Black "Feliz Dotel, Dewar Bienvenido"]
[Result "1/2-1/2"]
[Board "88"]
[TimeControl "180+1"]
[WhiteFideId "3601234"]
[BlackFideId "6402801"]
[WhiteElo "2235"]
[BlackElo "2069"]
[WhiteTeam "ECU"]
[BlackTeam "DOM"]
[WhiteClock "0:00:29"]
[BlackClock "0:00:20"]

1. e4 e5 2. Nf3 Nc6 3. Bc4 Nf6 4. d3 Be7 5. O-O O-O 6. c3 d6 7. Bb3 Na5 8. Bc2 c5 9. Re1 Nc6 10. Nbd2 h6 11. Nf1 Be6 12. h3 Rc8 13. a3 b5 14. Be3 a5 15. Rc1 d5 16. exd5 Nxd5 17. Bd2 Nf4 18. Nxe5 Nxe5 19. Bxf4 Ng6 20. Bg3 Bf5 21. Ne3 Bd7 22. d4 cxd4 23. Qxd4 Bf6 24. Qd6 Rc6 25. Qd2 Qc8 26. Nd5 Bg5 27. f4 Bd8 28. Rcd1 Be6 29. f5 Bxd5 30. Qxd5 Bb6+ 31. Kh1 Ne7 32. Rxe7 b4 33. axb4 axb4 34. Bb3 Rc5 35. Qd7 Qxd7 36. Rdxd7 bxc3 37. bxc3 Rxc3 38. Bxf7+ Rxf7 39. Rxf7 Rc1+ 40. Kh2 Bg1+ 41. Kh1 Bf2+ 42. Kh2 Bg1+ 43. Kh1 Bf2+ 44. Kh2 Bg1+ 1/2-1/2

[Event "November 21 Early 2023"]
[Site "https://www.chess.com"]
[Date "2023.11.21"]
[Round "8"]
[White "Malikova777"]
[Black "Boruchovsky, Avital"]
[Result "0-1"]
[Board "89"]
[TimeControl "180+1"]
[BlackFideId "2800055"]
[WhiteElo "2323"]
[BlackElo "2450"]
[BlackTeam "ISR"]
[WhiteClock "0:01:15"]
[BlackClock "0:01:21"]

1. d4 Nf6 2. c4 c5 3. d5 g6 4. Nc3 Bg7 5. e4 O-O 6. Bd3 a6 7. Nge2 b5 8. cxb5 axb5 9. Bxb5 Ba6 10. Bxa6 Nxa6 11. O-O d6 12. a4 Nb4 13. f3 Nd7 14. Nb5 h6 15. Ra3 Nb6 16. b3 Qd7 17. Bd2 Bb2 18. Bxb4 cxb4 19. Ra2 Qxb5 20. axb5 Rxa2 21. Nd4 Rfa8 22. Nc6 Bf6 23. Nxb4 Ra1 24. Qc2 Bd4+ 25. Qf2 Bxf2+ 26. Kxf2 Rxf1+ 27. Kxf1 Ra1+ 28. Ke2 Rb1 29. Nc6 Rxb3 30. Nxe7+ Kf8 31. Nc6 Rxb5 32. Nd4 Rb2+ 33. Kf1 Nc4 34. g3 Rxh2 35. Ne2 Nd2+ 36. Ke1 Nxf3+ 37. Kd1 Rxe2 38. Kxe2 Ne5 39. Ke3 Ke7 40. Kf4 h5 0-1

[Event "November 21 Early 2023"]
[Site "https://www.chess.com"]
[Date "2023.11.21"]
[Round "8"]
[White "Starozhilov, Leonid"]
[Black "LeoLV10"]
[Result "1-0"]
[Board "90"]
[TimeControl "180+1"]
[WhiteFideId "14106752"]
[WhiteElo "2270"]
[BlackElo "2517"]
[WhiteTeam "UKR"]
[WhiteClock "0:00:49"]
[BlackClock "0:00:11"]

1. e4 c6 2. d3 d5 3. Nd2 dxe4 4. dxe4 g6 5. h4 Bg7 6. h5 Nf6 7. h6 Bf8 8. Be2 Nbd7 9. e5 Nxe5 10. b3 Neg4 11. Bb2 Rg8 12. Bxg4 Bxg4 13. f3 Bd7 14. Qe2 Nd5 15. Nc4 Be6 16. O-O-O b5 17. Ne5 Qb6 18. Nh3 O-O-O 19. Ng5 Nf4 20. Rxd8+ Qxd8 21. Qe3 Nd5 22. Qxa7 Qc7 23. Qa8+ Qb8 24. Qxc6+ Qc7 25. Qe8+ Qd8 26. Qxb5 Nc7 27. Nxe6 fxe6 28. Qc6 Qd6 29. a4 Kd8 30. Nf7+ Kc8 1-0

[Event "November 21 Early 2023"]
[Site "https://www.chess.com"]
[Date "2023.11.21"]
[Round "8"]
[White "Silva Lucena, Cristian"]
[Black "Jakubowski, Krzysztof"]
[Result "0-1"]
[Board "91"]
[TimeControl "180+1"]
[WhiteFideId "2232588"]
[BlackFideId "1112848"]
[WhiteElo "2248"]
[BlackElo "2369"]
[WhiteTeam "ESP"]
[BlackTeam "POL"]
[WhiteClock "0:00:11"]
[BlackClock "0:01:20"]

1. e4 c5 2. Nf3 d6 3. d4 cxd4 4. Nxd4 Nf6 5. Nc3 a6 6. Bg5 e6 7. f4 Be7 8. Qf3 Qc7 9. O-O-O Nbd7 10. Bd3 h6 11. Bh4 g5 12. fxg5 Ne5 13. Qe2 Nfg4 14. Nf3 Nxf3 15. gxf3 hxg5 16. Bg3 Ne5 17. f4 gxf4 18. Bxf4 Bd7 19. Kb1 O-O-O 20. Bg3 Kb8 21. h4 Rh7 22. h5 Rdh8 23. Rdf1 Be8 24. Bf4 Bf6 25. h6 Be7 26. Qd2 Ka8 27. Bg5 Ng4 28. e5 dxe5 29. Bxh7 Rxh7 30. Rfg1 f5 31. Bxe7 Qxe7 32. Rd1 Bc6 33. Qd6 Qxd6 34. Rxd6 Bxh1 0-1

[Event "November 21 Early 2023"]
[Site "https://www.chess.com"]
[Date "2023.11.21"]
[Round "8"]
[White "UNSTOPPABLE_LEGEND"]
[Black "MKlose11"]
[Result "1-0"]
[Board "92"]
[TimeControl "180+1"]
[WhiteElo "2499"]
[BlackElo "2648"]
[WhiteClock "0:02:05"]
[BlackClock "0:02:26"]

1. Nc3 Nf6 2. Nf3 g6 3. e4 d6 4. d4 Bg7 5. Be2 c6 6. O-O O-O 7. h3 Nbd7 8. a4 e5 9. dxe5 dxe5 10. Bc4 Qc7 11. Be3 b6 12. Qd3 Rb8 13. Rfd1 h6 14. Qd6 Qxd6 15. Rxd6 Bb7 16. Rad1 Rfd8 17. Nxe5 Bf8 18. Nxf7 Bxd6 19. Nxd8+ Kg7 20. Nxb7 Be5 21. Nd6 1-0

[Event "November 21 Early 2023"]
[Site "https://www.chess.com"]
[Date "2023.11.21"]
[Round "8"]
[White "Spata, German"]
[Black "Orlov, Georgi"]
[Result "1/2-1/2"]
[Board "93"]
[TimeControl "180+1"]
[WhiteFideId "113026"]
[BlackFideId "2011271"]
[WhiteElo "2260"]
[BlackElo "2497"]
[WhiteTeam "ARG"]
[BlackTeam "USA"]
[WhiteClock "0:00:06"]
[BlackClock "0:00:08"]

1. e4 c5 2. f4 d5 3. Bb5+ Bd7 4. Bxd7+ Qxd7 5. d3 dxe4 6. dxe4 Qxd1+ 7. Kxd1 Nc6 8. c3 Nf6 9. Nd2 h5 10. Ke2 O-O-O 11. Ngf3 e6 12. Ng5 Rd7 13. Rd1 Ne8 14. Nc4 Rxd1 15. Kxd1 Nd8 16. a4 f6 17. Nf3 Nf7 18. Ke2 Ned6 19. Ncd2 Be7 20. b3 g5 21. fxg5 fxg5 22. Ba3 g4 23. Ne1 b6 24. Nd3 Ng5 25. Ke3 Bf8 26. Nf2 Bh6 27. Ke2 Rd8 28. b4 Ndf7 29. Rd1 cxb4 30. cxb4 Ne5 31. b5 Ngf7 32. Bb2 Kb7 33. Bc3 Rc8 34. Rc1 Nc4 35. Rd1 Nfd6 36. Nxc4 Nxc4 37. Rd7+ Ka8 38. Bf6 Nb2 39. Bxb2 Rc2+ 40. Kd3 Rxb2 41. Rf7 Ra2 42. e5 Rxa4 43. Ne4 Ra3+ 44. Kc4 Re3 45. Nd6 a5 46. Rh7 Bf4 47. Rh8+ Ka7 48. Rh7+ Ka8 49. Rh8+ Ka7 50. Nc8+ Kb7 51. Nd6+ Ka7 1/2-1/2

[Event "November 21 Early 2023"]
[Site "https://www.chess.com"]
[Date "2023.11.21"]
[Round "8"]
[White "Bodnaruk, Anastasia"]
[Black "Rodriguez Fontecha, Marcos"]
[Result "1-0"]
[Board "94"]
[TimeControl "180+1"]
[WhiteFideId "4181751"]
[BlackFideId "2256576"]
[WhiteElo "2260"]
[BlackElo "2249"]
[WhiteTeam "RUS"]
[BlackTeam "ESP"]
[WhiteClock "0:02:36"]
[BlackClock "0:02:47"]

1. e4 e6 2. d4 d5 3. Nc3 h6 4. e5 c5 5. Nce2 cxd4 6. Nxd4 Nc6 7. Ngf3 Bc5 8. c3 Nge7 9. Bd3 Bd7 10. O-O Qb6 11. Nb3 a5 12. Nxc5 1-0

[Event "November 21 Early 2023"]
[Site "https://www.chess.com"]
[Date "2023.11.21"]
[Round "8"]
[White "Gubajdullin, Alexei"]
[Black "Sreyas Payyappat"]
[Result "1-0"]
[Board "95"]
[TimeControl "180+1"]
[WhiteFideId "4141202"]
[BlackFideId "46674969"]
[WhiteElo "2280"]
[BlackElo "2043"]
[WhiteTeam "RUS"]
[BlackTeam "IND"]
[WhiteClock "0:00:55"]
[BlackClock "0:00:00"]

1. d4 Nf6 2. Nf3 c5 3. e3 e6 4. b3 Nc6 5. Bb2 b6 6. Nbd2 Bb7 7. Bd3 d5 8. O-O Qc7 9. a3 Bd6 10. c4 O-O-O 11. cxd5 exd5 12. Rc1 Kb8 13. Qe2 Rhe8 14. Ba6 Ng4 15. h3 Nh2 16. Rfd1 Nxf3+ 17. Nxf3 Na5 18. Bxb7 Qxb7 19. dxc5 bxc5 20. b4 Nc4 21. Bxg7 cxb4 22. axb4 Bxb4 23. Nd4 Ka8 24. Qh5 Rg8 25. Qxh7 f6 26. Ne6 Rde8 27. Qf5 Nd6 28. Qxd5 Rxe6 29. Qxe6 Rxg7 30. g3 Qd7 31. Qxf6 a5 32. Rd5 Rh7 33. h4 Kb7 34. Qf3 Ka7 35. Rc6 1-0

[Event "November 21 Early 2023"]
[Site "https://www.chess.com"]
[Date "2023.11.21"]
[Round "8"]
[White "Kuznetsova, Olga"]
[Black "GatoRojo150"]
[Result "1-0"]
[Board "96"]
[TimeControl "180+1"]
[WhiteFideId "4191323"]
[WhiteElo "2134"]
[BlackElo "2572"]
[WhiteTeam "RUS"]
[WhiteClock "0:00:21"]
[BlackClock "0:00:29"]

1. d4 d5 2. Bf4 c5 3. e4 Nc6 4. dxc5 e5 5. exd5 exf4 6. dxc6 Qxd1+ 7. Kxd1 bxc6 8. b4 a5 9. c3 Nf6 10. Nh3 Nd5 11. Bc4 Bg4+ 12. Kc2 Bf5+ 13. Kb3 axb4 14. Bxd5 cxd5 15. cxb4 f3 16. Re1+ Kd7 17. g4 Bxg4 18. Nf4 Rb8 19. Rd1 Bxc5 20. Rxd5+ Bd6 21. b5 Ke7 22. Rxd6 Kxd6 23. Nc3 Ke5 24. Nfd5 Be6 25. Re1+ Kd6 26. Kb4 Rhc8 27. Rd1 Ke5 28. a4 Rd8 29. Re1+ Kd4 30. Nf4 Rbc8 31. Re4# 1-0

[Event "November 21 Early 2023"]
[Site "https://www.chess.com"]
[Date "2023.11.21"]
[Round "8"]
[White "Pham, Le Thao Nguyen"]
[Black "Shishkov, Andrei"]
[Result "1-0"]
[Board "97"]
[TimeControl "180+1"]
[WhiteFideId "12401226"]
[BlackFideId "4500563"]
[WhiteElo "2261"]
[BlackElo "2241"]
[WhiteTeam "VIE"]
[BlackTeam "EST"]
[WhiteClock "0:00:12"]
[BlackClock "0:00:07"]

1. d4 Nf6 2. Nf3 e6 3. Bf4 c5 4. e3 Nc6 5. c3 d5 6. Nbd2 Bd6 7. Bg3 O-O 8. Bd3 b6 9. Ne5 Bb7 10. O-O Ne7 11. Bh4 Ne4 12. Bxe4 dxe4 13. Ndc4 f6 14. Nxd6 Qxd6 15. Nc4 Qd5 16. Nd2 cxd4 17. cxd4 Nf5 18. Bg3 h5 19. h4 Ba6 20. Re1 Nxg3 21. fxg3 Rac8 22. Qa4 Bd3 23. Rac1 a5 24. Qb3 Qd6 25. Kh2 g5 26. Kh3 Kf7 27. Nc4 Qd5 28. Nxb6 Qf5+ 29. Kh2 Rxc1 30. Rxc1 gxh4 31. gxh4 Qg4 32. Qd1 Qxh4+ 33. Kg1 Rg8 34. Rc7+ Kg6 35. Nd7 Kh6 36. Nc5 Qg3 37. Qd2 h4 38. Rf7 Rg6 39. Nxe6 h3 40. Nf4 h2+ 41. Kh1 Rg4 42. Rxf6+ Kg7 43. Nh5+ Kh7 44. Nxg3 Rxg3 45. Kxh2 1-0

[Event "November 21 Early 2023"]
[Site "https://www.chess.com"]
[Date "2023.11.21"]
[Round "8"]
[White "Preobrazhenska_D2011"]
[Black "NelsonLinda"]
[Result "0-1"]
[Board "98"]
[TimeControl "180+1"]
[WhiteElo "2462"]
[BlackElo "2562"]
[WhiteClock "0:00:02"]
[BlackClock "0:00:25"]

1. e4 c5 2. Nf3 e6 3. d4 cxd4 4. Nxd4 Nf6 5. Nc3 d6 6. Bg5 Be7 7. f4 O-O 8. Qd2 h6 9. h4 e5 10. Nb3 hxg5 11. hxg5 Ng4 12. g3 g6 13. Qg2 Kg7 14. Nd5 Nc6 15. O-O-O Rh8 16. Be2 Rxh1 17. Rxh1 Bxg5 18. fxg5 Qxg5+ 19. Kb1 Bd7 20. c3 Rh8 21. Rxh8 Kxh8 22. Bf3 Nf6 23. Nxf6 Qxf6 24. Nd2 Kg7 25. Nc4 b5 26. Ne3 Ne7 27. Qe2 Qg5 28. Nf1 Nc8 29. Qd3 Qf6 30. Nd2 Nb6 31. b3 a6 32. Nf1 Bc6 33. Nd2 Nd7 34. Qe3 Nc5 35. b4 Na4 36. Kc2 Qe6 37. Nb3 Qc4 38. Be2 Qxe4+ 39. Qxe4 Bxe4+ 40. Kd2 Bd5 41. Nc1 Bc4 42. Bxc4 bxc4 43. Kc2 d5 44. Ne2 f5 45. Ng1 Kf6 46. Nf3 g5 47. Nd2 g4 48. Nf1 f4 49. gxf4 exf4 50. Kd2 Ke5 51. Ke2 Nxc3+ 52. Kd2 Nxa2 53. Nh2 Kf5 54. Ke2 Nxb4 55. Nf1 c3 56. Kf2 d4 57. Ke2 g3 58. Kd1 Ke4 59. Ke2 a5 60. Kd1 a4 61. Ke2 a3 62. Kd1 a2 63. Ke2 d3+ 64. Ke1 a1=Q# 0-1

[Event "November 21 Early 2023"]
[Site "https://www.chess.com"]
[Date "2023.11.21"]
[Round "8"]
[White "FREDERICKtheMATE"]
[Black "Khromkin, Andrey"]
[Result "1-0"]
[Board "99"]
[TimeControl "180+1"]
[BlackFideId "4154126"]
[WhiteElo "2556"]
[BlackElo "2457"]
[BlackTeam "RUS"]
[WhiteClock "0:00:53"]
[BlackClock "0:00:00"]

1. Nf3 c5 2. d4 cxd4 3. Nxd4 Nc6 4. g3 g6 5. Bg2 Bg7 6. c3 h5 7. h4 Nh6 8. O-O O-O 9. Bxh6 Bxh6 10. Nd2 d5 11. N2f3 Bg7 12. Rc1 e5 13. Nb3 Bg4 14. Ng5 e4 15. f3 exf3 16. exf3 Bf5 17. g4 hxg4 18. fxg4 Be4 19. Nxe4 dxe4 20. Qxd8 Raxd8 21. Bxe4 Ne5 22. Bxb7 Nxg4 23. Rce1 Rd3 24. Rf3 Rfd8 25. Nc5 Rd2 26. Ba6 Rxb2 27. Nd3 Bxc3 28. Re4 Rb1+ 29. Kg2 Nf6 30. Rc4 Ba1 31. Rc7 Rf8 32. Rxa7 Rd1 33. Bc4 Rd2+ 34. Kh3 Bd4 35. Rb7 Bg1 36. Rxf6 Rh2+ 37. Kg3 Re2 38. Rfxf7 1-0